[Event "*** Qualifier 3: Titled Tuesday 3|2 Blitz"]
[Site "Chess.com"]
[Date "2017.04.18"]
[Round "4"]
[White "Yaacovn"]
[Black "Izoria123"]
[Result "0-1"]
[WhiteElo "2593"]
[BlackElo "2651"]
[TimeControl "180+2"]
[EndTime "13:53:05 PDT"]
[Termination "Izoria123 won by resignation"]

1. d4 Nf6 2. Nf3 g6 3. c4 Bg7 4. Nc3 O-O 5. g3 c5 6. Bg2 cxd4 7.
Nxd4 Nc6 8. O-O Qa5 9. Nc2 d6 10.
Bd2 Qh5 11. Ne3 Bh3 12. Re1 Bxg2 13. Kxg2 Rac8 14. b3 Ng4 15. Nxg4 Qxg4 16. Rc1 Rfd8 17. Be3 e6 18. h3 Qf5 19. Qd3 Qxd3 20. exd3 Nb4 21.
Red1 Bxc3 22. Rxc3 Nxa2 23. Rc2 Nb4 24. Rcc1 a6 25.
Ra1 Nc2 26. Ra5 Nxe3+ 27. fxe3 Rc6 28. Kf3 Rb6 29. Rb1 Kf8 30. Ke2 h5 31. d4 Ke7 32.
Kd3 Rc8 33. b4 Rbc6 34. Rc1 R6c7 35. Ra2 f5 36. Rac2 e5 37. c5 Ke6 38. Kc4 b6 39. d5+ Kf6 40. c6 Ra8 41. Ra1 Kg5 42. Kd3 Kf6 43. Rca2 Rca7 44. Ke2 e4 45. Rd1 Ke5 46.
Rc2 b5 47. Ra2 a5 48. bxa5 Rxa5 49. Rxa5 Rxa5 50. Rc1 Ra8 51. Rd1 b4 52. Rd4 b3 53.
Kd2 h4 54. gxh4 b2 55. Kc2 Rb8 56. Rd1 f4 57. exf4+ Kxf4 58. Rg1 e3 59. Kb1 e2 60. c7 Rc8 0-1

[Event "*** Qualifier 3: Titled Tuesday 3|2 Blitz"]
[Site "Chess.com"]
[Date "2017.04.18"]
[Round "4"]
[White "SabinaFoisor"]
[Black "Ilja_Semjonovs"]
[Result "1-0"]
[WhiteElo "2217"]
[BlackElo "2191"]
[TimeControl "180+2"]
[EndTime "13:53:22 PDT"]
[Termination "SabinaFoisor won by checkmate"]

1. d4 Nf6 2. c4 c5 3. d5 b5 4.
cxb5 a6 5. bxa6 g6 6. g3 d6 7. Bg2 Nxa6 8. Nc3 Bg7 9. Nf3 O-O 10. O-O Rb8 11. Re1 Bg4 12. h3 Bxf3 13. Bxf3 Nd7 14.
Bg2 Ne5 15. a4 Nc4 16. Qd3 Nxb2 17. Bxb2 Rxb2 18. Qxa6 Bxc3 19. Rec1 Bd4 20. e3 Bf6 21. h4 Qb8 22. Qf1 Qa7 23. a5 Rfb8 24. a6 R8b6 25. Be4 Rd2 26. Ra4 Rbb2 27. Rb1 Rxb1 28. Qxb1 Rb2 29.
Qd3 Rb8 30. h5 Kg7 31. Kg2 Rb2 32. Qd1 c4 33. Qg4 Qxe3 34. Qf3 Qa7 35. Rxc4 Qxa6 36. Bd3 Qb6 37. Rf4 Rb3 38. g4 h6 39. hxg6 fxg6 40. Qe4 Rxd3 41. Qxd3 Qc5 42. Qe4 Qc3 43. Rf3 Qc1 44.
Qe6 Qd1 45. Qe4 Qc1 46. Re3 Qd1 47. Re2 Qc1 48. f4 Qd1 49. Qf3 Qc1 50. Rf2 Qc4 51.
Re2 Qc1 52. Rf2 Qc4 53. g5 hxg5 54. fxg5 Bxg5 55. Qf8+ Kh7 56. Rf7# 1-0

[Event "*** Qualifier 3: Titled Tuesday 3|2 Blitz"]
[Site "Chess.com"]
[Date "2017.04.18"]
[Round "4"]
[White "GMMarcinDziuba"]
[Black "andreimacovei2000"]
[Result "1-0"]
[WhiteElo "2538"]
[BlackElo "2396"]
[TimeControl "180+2"]
[EndTime "13:53:26 PDT"]
[Termination "GMMarcinDziuba won by resignation"]

1. d4 Nf6 2. c4 g6 3. Nc3 Bg7 4.
e4 d6 5. f3 O-O 6. Nge2 c5 7.
d5 Nbd7 8. Be3 Ne5 9. Ng3 h5 10.
Be2 h4 11. Nf1 e6 12. Nd2 exd5 13. cxd5 a6 14. a4 h3 15. g4 Bd7 16. g5 b5 17.
gxf6 Bxf6 18. axb5 axb5 19. Rxa8 Qxa8 20. Nxb5 Rb8 21.
Nxd6 Rxb2 22. O-O Ba4 23. Qe1 c4 24. N6xc4 Nxc4 25. Nxc4 Rc2 26. Nb6 Qa7 27. Bf2 Bh4 28. Bxh4 Qxb6+ 29. Bf2 Qf6 30. Bg3 Qd4+ 31. Kh1 Qb2 32.
Qa1 Rxe2 33. Qxb2 Rxb2 34. Ra1 Bb5 35. Kg1 Rg2+ 36. Kh1 g5 37. d6 Rd2 38. Kg1 Rg2+ 39. Kh1 Rd2 40. Be5 Kh7 41. Rg1 Kg6 42. Bf4 Rg2 43.
Bg3 Rd2 44. Bf4 Rg2 45. Be3 Be2 46. Rxg2 hxg2+ 47. Kxg2 Bb5 48. Kg3 f5 49. e5 f4+ 50.
Bxf4 gxf4+ 51. Kxf4 Bd7 52. Ke4 Bc6+ 53. Kd4 Kf5 54. Kc5 Bxf3 55. d7 1-0

[Event "*** Qualifier 3: Titled Tuesday 3|2 Blitz"]
[Site "Chess.com"]
[Date "2017.04.18"]
[Round "4"]
[White "Schemato"]
[Black "MartinMatthiesen"]
[Result "1-0"]
[WhiteElo "2243"]
[BlackElo "2218"]
[TimeControl "180+2"]
[EndTime "13:53:30 PDT"]
[Termination "Schemato won on time"]

1. c4 c5 2. g3 g6 3. Bg2 Bg7 4.
Nc3 Nc6 5. Nf3 e6 6. d3 Nge7 7. Bg5 h6 8. Bd2 O-O 9. a3 b6 10. Rb1 Bb7 11. b4 d6 12. O-O Qd7 13.
Qc1 Kh7 14. b5 Na5 15. Rd1 d5 16. Na4 Qc7 17. cxd5 Nxd5 18. e4 Ne7 19. Bxa5 bxa5 20. Qxc5 Rfc8 21. Rdc1 Qd8 22. Qe3 Rc7 23. Nc5 Bc8 24.
d4 Rb8 25. a4 Rb6 26. Rd1 Rd6 27. Nb3 Bb7 28. Rbc1 Qc8 29. Rxc7 Qxc7 30. Rc1 Qd8 31. e5 Rd7 32. Nfd2 Nf5 33. Qc3 Bxg2 34. Kxg2 Nxd4 35. Nxd4 Rxd4 36. Nf3 Rd3 37. Qc7 Qd7 38. Qxd7 Rxd7 39. Rc6 g5 40. g4 Kg6 41. Ra6 h5 42. h3 hxg4 43. hxg4 Rc7 44. Rxa5 Kh6 45. Ra6 Kg6 46. Kg3 Bf8 47. Rc6 Rb7 48. Rc3 Be7 49. Rb3 a5 50.
Rc3 Bb4 51. Rc6 Rd7 52. b6 Rb7 53. Nd4 Ba3 54. Nb5 Bb2 55. f4 1-0

[Event "*** Qualifier 3: Titled Tuesday 3|2 Blitz"]
[Site "Chess.com"]
[Date "2017.04.18"]
[Round "4"]
[White "rasmussvane"]
[Black "Sanan_Sjugirov"]
[Result "1-0"]
[WhiteElo "2521"]
[BlackElo "2648"]
[TimeControl "180+2"]
[EndTime "13:53:47 PDT"]
[Termination "rasmussvane won by resignation"]

1. Nf3 d5 2. d4 Nf6 3. c4 e6 4. Nc3 Bb4 5. cxd5 exd5 6. Bf4 Nbd7 7. e3 c6 8. Bd3 O-O 9. Qc2 Re8 10.
O-O Nf8 11. h3 Ng6 12. Bh2 Bd6 13. Bxd6 Qxd6 14. Rab1 a5 15. a3 Be6 16. Rfc1 Nd7 17.
Na4 Rec8 18. b4 axb4 19. axb4 b5 20. Nc5 Nb6 21. Ra1 Nf8 22. Ne5 Nc4 23. Qc3 f6 24.
Nf3 Bf7 25. Bf5 Re8 26. Bd3 Bg6 27. Bf1 Nd7 28. Rxa8 Rxa8 29. Ra1 Ndb6 30. Rxa8+ Nxa8 31. Qa1 Qb8 32. Nd7 Qb7 33. Nc5 Qb8 34. Nh4 Nab6 35. Nxg6 hxg6 36. Bd3 f5 37. h4 Qa8 38. Qxa8+ Nxa8 39. g4 fxg4 40. Bxg6 Nab6 41. Be8 Na3 42.
Bxc6 Nc2 43. Bxb5 Nxb4 44. Kg2 Kf7 45. Kg3 Nc2 46. Kxg4 Na3 47. Bd3 Nac4 48. Kf4 Nd6 49. f3 Ke7 50. e4 dxe4 51. fxe4 Nf7 52. Kf5 Nd6+ 53. Kg6 Ne8 54. Be2 Nc8 55. e5 Kf8 56. Kf5 Ne7+ 57. Ke4 Nc7 58. Bc4 Na8 59. d5 Nb6 60.
Bb3 Ng6 61. h5 Nh8 62. d6 1-0

[Event "*** Qualifier 3: Titled Tuesday 3|2 Blitz"]
[Site "Chess.com"]
[Date "2017.04.18"]
[Round "4"]
[White "Rodalquilar"]
[Black "tigra"]
[Result "1-0"]
[WhiteElo "2542"]
[BlackElo "2608"]
[TimeControl "180+2"]
[EndTime "13:53:50 PDT"]
[Termination "Rodalquilar won by resignation"]

1. d4 Nf6 2. Bf4 e6 3. e3 c5 4. c3 Nc6 5. Nd2 d5 6. Ngf3 cxd4 7. exd4 Nh5 8. Be3 Bd6 9. Ne5 g6 10.
Be2 Ng7 11. Nd3 O-O 12. O-O f6 13. Bf3 Nf5 14. Bf4 Be7 15. Re1 g5 16. Bg3 Nxg3 17. hxg3 f5 18. g4 Bd6 19. gxf5 Rxf5 20. Bg4 Rf6 21. Nf3 h6 22. Nfe5 Bd7 23. Re3 Qc7 24.
Qe2 Re8 25. Re1 Bc8 26. Bh5 Rd8 27. Ng4 Qe7 28. Nxf6+ Qxf6 29. Rf3 Qg7 30. Rf7 Qh8 31. Qf3 Bd7 32. Rxd7 Rxd7 33. Rxe6 Bf8 34. Rg6+ Bg7 35. Nc5 Re7 36. Qxd5+ Kh7 37. Qf5 Re1+ 38. Kh2 Qb8+ 39. g3 Ne7 40. Rxg7+ Kxg7 41. Qf7+ Kh8 42. Ne6 Rxe6 43.
Qxe6 Qf8 44. Qe5+ Kg8 45. Kg2 Nf5 46. Bf3 Nd6 47. Bd5+ Kh7 48. c4 b6 49. c5 bxc5 50. dxc5 Ne8 51. Be4+ Kg8 52. c6 Kf7 53. c7 Nf6 54.
Bf5 Qa8+ 55. f3 g4 56. Bxg4 Nxg4 57. Qf4+ Nf6 58. Qc4+ 1-0

[Event "*** Qualifier 3: Titled Tuesday 3|2 Blitz"]
[Site "Chess.com"]
[Date "2017.04.18"]
[Round "4"]
[White "prochn"]
[Black "djano"]
[Result "1/2-1/2"]
[WhiteElo "2178"]
[BlackElo "2340"]
[TimeControl "180+2"]
[EndTime "13:53:50 PDT"]
[Termination "Game drawn by agreement"]

1. d4 e6 2. g3 f5 3. Bg2 Nf6 4. b3 Be7 5. Nf3 O-O 6. O-O Qe8 7. c4 Ne4 8. Nfd2 d5 9. Qc2 Nc6 10.
Bb2 Qh5 11. f3 Nf6 12. e3 Bd7 13. a3 g5 14. Nc3 f4 15. g4 Qf7 16. exf4 gxf4 17. Ne2 Ne8 18. b4 Rc8 19. b5 Nd8 20. a4 h5 21. Kh1 Ng7 22. gxh5 Qxh5 23. Rg1 Rf7 24. Bf1 Kf8 25. Qg6 Qxg6 26. Rxg6 dxc4 27. Nxc4 Rf6 28. Rg4 Nh5 29. Bh3 Nf7 30. Rh4 Rh6 31.
Rxh5 Rxh5 32. Bg4 Rh6 33. Nxf4 Bd6 34. Nd3 Rxh2+ 35. Kg1 Rh6 36. Re1 Re8 37. Nde5 Nxe5 38. Nxe5 Bxe5 39. dxe5 c6 40. Ba3+ Kf7 41. Rd1 Rd8 42.
bxc6 bxc6 43. Bc5 Ke8 44. Be3 Rh7 45. Bxa7 Ra8 46. Bc5 Rxa4 47. Rb1 Ra8 48. Kg2 Kf7 49. Rb7 Kg6 50. Kg3 Be8 51. Rxh7 Kxh7 52. Bxe6 Kg6 53. f4 Bf7 54. f5+ Kg7 55. Bd7 Ra5 56. Bd6 c5 57.
e6 Ra6 58. Be5+ Kf8 59. exf7 Kxf7 60. Kf4 c4 61. Be6+ Rxe6 62. fxe6+ Kxe6 63. Bc3 1/2-1/2

[Event "*** Qualifier 3: Titled Tuesday 3|2 Blitz"]
[Site "Chess.com"]
[Date "2017.04.18"]
[Round "4"]
[White "Vamostodorecto"]
[Black "stefanodinn"]
[Result "1/2-1/2"]
[WhiteElo "2378"]
[BlackElo "2195"]
[TimeControl "180+2"]
[EndTime "13:53:58 PDT"]
[Termination "Game drawn by agreement"]

1. d4 Nf6 2. c4 e6 3. Nc3 Bb4 4.
a3 Bxc3+ 5. bxc3 c5 6. f3 d5 7. cxd5 Nxd5 8. dxc5 Qa5 9. e4 Qxc3+ 10. Bd2 Qe5 11.
Ne2 Nf6 12. Bf4 Qxc5 13. Rc1 Qa5+ 14. Bd2 Qd8 15. Bb4 Qxd1+ 16. Rxd1 Nc6 17. Bd6 Ng8 18. Nc3 Nge7 19. Bb5 Bd7 20. Kf2 a6 21. Bxc6 Bxc6 22. Ne2 Rd8 23. e5 Nf5 24. Bc5 Rxd1 25. Rxd1 Bd5 26.
Nc3 Bc6 27. g4 Ne7 28. Nb1 f6 29. exf6 gxf6 30. Nd2 Bd5 31. Bd4 e5 32. Bc5 Kf7 33.
Nf1 Be6 34. Ne3 Rc8 35. Bb4 Nc6 36. Bc5 Rd8 37. Rb1 b5 38. Rc1 Nd4 39. Rd1 Rd7 40. Bxd4 exd4 41. Ng2 Bc4 42. Nf4 d3 43. Ke3 Re7+ 44.
Kd4 Rd7+ 45. Ke3 a5 46. h4 b4 47. axb4 axb4 48. h5 b3 49. Kd2 b2 50. Kc3 Rb7 51.
Rb1 Ba6 52. Rxb2 Rxb2 53. Kxb2 Bb7 54. Nxd3 Bxf3 55. g5 Bxh5 56. gxf6 Kxf6 57. Kc3 Bg4 58. Nf2 Bf5 59. Kd4 h5 60. Ke3 Kg5 61. Kf3 Kh4 62. Kg2 Kg5 63. Kh2 Kf4 1/2-1/2

[Event "*** Qualifier 3: Titled Tuesday 3|2 Blitz"]
[Site "Chess.com"]
[Date "2017.04.18"]
[Round "4"]
[White "chessking2151"]
[Black "oskariot"]
[Result "0-1"]
[WhiteElo "2314"]
[BlackElo "2444"]
[TimeControl "180+2"]
[EndTime "13:54:01 PDT"]
[Termination "oskariot won on time"]

1. e4 c5 2. Nf3 d6 3. d4 cxd4 4.
Nxd4 Nf6 5. Nc3 Nc6 6. Bg5 e6 7. Qd2 a6 8. O-O-O h6 9. Be3 Be7 10. f3 Nxd4 11. Bxd4 b5 12. Kb1 Rb8 13. g4 Qa5 14. h4 b4 15. Ne2 e5 16. Be3 Be6 17. Nc1 d5 18. exd5 Nxd5 19. Nb3 Qc7 20. Bxa6 O-O 21.
g5 Rfd8 22. Qe2 Ra8 23. Bf2 Nf4 24. Rxd8+ Bxd8 25. Qb5 hxg5 26. hxg5 Bxg5 27. Qb7 Qxb7 28. Bxb7 Rb8 29. Nc5 Bh3 30. Be4 Be7 31. Na6 Rc8 32.
Bb6 Be6 33. Bb7 Rf8 34. Re1 f6 35. Ba5 g5 36. Nc7 Bf7 37. Rd1 Rb8 38. Be4 Rd8 39.
Rc1 Rb8 40. Na6 Rf8 41. Bc7 Ne2 42. Re1 Nd4 43. Rd1 Kg7 44. Bb6 Ne2 45. Bd3 Nf4 46.
Bc5 Bxc5 47. Nxc5 Rd8 48. Re1 Rd5 49. Nb3 Nxd3 50. cxd3 Rxd3 51. Nc5 Rxf3 52. Re4 Bg6 53. Ne6+ Kf7 54. a4 Kxe6 55. Ka2 Bxe4 56. a5 Bd5+ 0-1

[Event "*** Qualifier 3: Titled Tuesday 3|2 Blitz"]
[Site "Chess.com"]
[Date "2017.04.18"]
[Round "4"]
[White "ChessQueen"]
[Black "gmcorrales"]
[Result "1-0"]
[WhiteElo "2440"]
[BlackElo "2587"]
[TimeControl "180+2"]
[EndTime "13:54:07 PDT"]
[Termination "ChessQueen won on time"]

1. e4 c5 2. Nf3 Nc6 3. d4 cxd4 4.
Nxd4 e5 5. Nb5 Nf6 6. N1c3 d6 7. Na3 Be7 8. Nc4 O-O 9. Ne3 Nd4 10. Bc4 Be6 11. Bd5 Nxd5 12. Ncxd5 Rc8 13. c3 Nc6 14. O-O Bg5 15. Qd3 Ne7 16. Rd1 Ng6 17. Nf5 Bxc1 18. Raxc1 Bxd5 19. Qxd5 Nf4 20. Qd2 d5 21. exd5 Qg5 22.
Ng3 h5 23. f3 Rcd8 24. c4 h4 25. Ne4 Qg6 26. Kh1 f5 27. Nc3 Qg5 28. Rc2 Rf6 29. Qe3 Re8 30. d6 Rg6 31. d7 Rd8 32. Qxe5 Nxg2 33.
Nd5 Kh7 34. h3 Rxd7 35. Rg1 Qh5 36. Rcxg2 Qxf3 37. Qe3 Rg3 38. Qxf3 Rxf3 39. Kh2 b5 40. b3 bxc4 41. bxc4 Rb7 42. Rc1 g5 43. c5 g4 44.
hxg4 h3 45. Rg3 Rb2+ 46. Kxh3 Rff2 47. gxf5 Kh6 48. Kg4 Rxa2 49. Rc4 Rae2 50. c6 Re8 51. c7 Rc8 52. Kh3 Rxf5 53. Rh4+ Rh5 54. Rxh5+ Kxh5 55. Rc3 Kg5 56. Ne7 Rh8+ 57. Kg3 Kf6 58. c8=Q 1-0

[Event "*** Qualifier 3: Titled Tuesday 3|2 Blitz"]
[Site "Chess.com"]
[Date "2017.04.18"]
[Round "4"]
[White "GMSAGOR"]
[Black "Jamaladam12200620"]
[Result "1-0"]
[WhiteElo "2078"]
[BlackElo "1975"]
[TimeControl "180+2"]
[EndTime "13:54:14 PDT"]
[Termination "GMSAGOR won on time"]

1. e4 Nf6 2. e5 Nd5 3. Nc3 Nxc3 4.
bxc3 g6 5. d4 Bg7 6. f4 c5 7. d5 Qa5 8. Nf3 Qxc3+ 9. Bd2 Qa3 10. Bc4 O-O 11. O-O d6 12. h3 Qa4 13. Bb3 Qd7 14.
a4 Na6 15. Qe2 Nc7 16. Rad1 b6 17. c4 a6 18. Bc3 b5 19. Rfe1 bxa4 20. Bc2 Rb8 21.
Ra1 Qd8 22. Rxa4 Bd7 23. Ra2 Ra8 24. Ba5 Qc8 25. Rb1 Ne8 26. Rab2 Bf5 27. Rb7 Bxc2 28.
Qxc2 e6 29. Qe4 exd5 30. Qxd5 Qe6 31. Qd3 dxe5 32. fxe5 Bxe5 33. Nxe5 Qxe5 34. Bc3 Qd6 35. Qf3 Qe6 36. Re1 Qf5 37. Qg3 Nf6 38. Rf1 Nh5 39.
Qh4 Qd3 40. Rf3 Qd1+ 41. Kh2 Qd6+ 42. Kg1 Qd1+ 43. Rf1 Qd3 44. Ba1 Rae8 45. Rb2 Re4 46. Qg5 Qe3+ 47. Qxe3 Rxe3 48. Ra2 Ng3 49. Rd1 Nf5 50.
Rxa6 Re4 51. Rc1 Ne3 52. Rc6 Rxc4 53. Rxc4 Nxc4 54. Rxc5 Nd6 55. Rc6 Ne4 56. g4 Re8 57.
Bd4 h6 58. Kg2 1-0

[Event "*** Qualifier 3: Titled Tuesday 3|2 Blitz"]
[Site "Chess.com"]
[Date "2017.04.18"]
[Round "4"]
[White "WanderingPuppet"]
[Black "JusticeBot"]
[Result "0-1"]
[WhiteElo "2303"]
[BlackElo "2522"]
[TimeControl "180+2"]
[EndTime "13:54:18 PDT"]
[Termination "JusticeBot won by resignation"]

1. e4 e5 2. Nf3 Nc6 3. Bb5 a6 4.
Ba4 Nge7 5. O-O g6 6. Nc3 Bg7 7. d4 exd4 8. Nd5 b5 9. Bb3 O-O 10.
Bg5 h6 11. Bf6 d6 12. Nxd4 Bxf6 13. Nxf6+ Kg7 14. Nd5 Na5 15. Qd2 c5 16. Nxe7 Nxb3 17. axb3 Qxe7 18. Nxb5 Rd8 19. Nc3 Bb7 20. Rae1 a5 21.
f4 Qf6 22. Rf2 Qd4 23. Qxd4+ cxd4 24. Nb5 a4 25. Nxd4 axb3 26. cxb3 Rab8 27. Rc2 Ba8 28. Rc7 Re8 29. e5 Rb4 30. Nf3 Rxb3 31. e6 Rf8 32. e7 Re8 33. Rd7 Rxb2 34. Rd8 Bc6 35. Rxe8 Bxe8 36. Nd4 Kf6 37. f5 g5 38. h3 h5 39. Kh2 Rb7 40. Rd1 Kxe7 41. Nf3 f6 42. Re1+ Kf7 43. Re6 Bd7 44. Rxd6 Bxf5 45. Nd4 Be4 46.
Ra6 Rb2 47. Ra7+ Kg6 48. Kg1 Rxg2+ 49. Kf1 Rd2 50. Ne6 Bg2+ 51. Ke1 Rd6 52. Rg7+ Kf5 53. Nc5 Rd5 54. Nb3 Bxh3 55. Kf2 Bg4 56. Re7 h4 57. Rh7 Kg6 58. Re7 h3 59. Re1 Rd3 60. Nc5 Rf3+ 61. Kg1 Rg3+ 62. Kh2 Rg2+ 63. Kh1 Bf3 64. Re3 g4 65.
Ne6 Rd2+ 66. Rxf3 gxf3 67. Nf4+ Kg5 68. Nxh3+ Kg4 69. Ng1 Rd8 70. Nxf3 Kxf3 0-1

[Event "*** Qualifier 3: Titled Tuesday 3|2 Blitz"]
[Site "Chess.com"]
[Date "2017.04.18"]
[Round "4"]
[White "woodhy"]
[Black "GianmarcoVaR"]
[Result "1-0"]
[WhiteElo "2330"]
[BlackElo "2452"]
[TimeControl "180+2"]
[EndTime "13:54:44 PDT"]
[Termination "woodhy won on time"]

1. e4 g6 2. d4 Bg7 3. Nf3 d6 4. Nc3 Bg4 5. Be3 Nc6 6. Bb5 a6 7.
Be2 e5 8. dxe5 dxe5 9. h3 Bxf3 10. Bxf3 Bh6 11. Bc5 Bf8 12. Be3 Bb4 13. O-O Bxc3 14.
bxc3 Qxd1 15. Rfxd1 f6 16. Rab1 b6 17. c4 Nge7 18. c5 b5 19. c4 b4 20. Bg4 f5 21.
exf5 Nxf5 22. Bf3 Nfe7 23. Bg5 Rb8 24. Bd5 Rf8 25. a3 b3 26. Bxe7 Nxe7 27. Rd3 b2 28.
Rd2 Rf4 29. Be6 Nf5 30. Rdxb2 Rxb2 31. Rxb2 Nd4 32. Bd5 c6 33. g3 Rf6 34. Rb8+ Kd7 35. Be4 Ne6 36. Rb7+ Kc8 37. Rxh7 Nxc5 38. Bg2 e4 39. h4 Rd6 40. h5 gxh5 41. Rxh5 Rd1+ 42. Kh2 Nd3 43. Bxe4 Nxf2 44. Bxc6 Kc7 45. Bd5 a5 46. Kg2 Ng4 47. Kf3 Nf6 48. Rh6 Nxd5 49. cxd5 Rxd5 50.
Re6 Rd1 51. g4 Ra1 52. Re3 Kd6 53. Kf4 Rf1+ 54. Kg5 Kd5 55. Kg6 Rg1 56. g5 Kd4 57. Rf3 Ke4 58. Rc3 Kd4 59. Rh3 Ke4 60. Kf6 Rf1+ 61.
Kg7 Kf5 62. g6 Ke6 63. Rh5 a4 64. Rh4 Rg1 65. Rxa4 Rh1 66. Ra6+ Ke7 67. a4 Rh2 68. Kg8 Rh6 69. a5 Ke8 70. Re6+ Kd7 71. Kf7 Rh1 72. a6 Rf1+ 73. Rf6 Ra1 74. g7 Rg1 75. g8=Q 1-0

[Event "*** Qualifier 3: Titled Tuesday 3|2 Blitz"]
[Site "Chess.com"]
[Date "2017.04.18"]
[Round "4"]
[White "hsskoo"]
[Black "Enzy63"]
[Result "0-1"]
[WhiteElo "1954"]
[BlackElo "2072"]
[TimeControl "180+2"]
[EndTime "13:54:45 PDT"]
[Termination "Enzy63 won by checkmate"]

1. d4 Nf6 2. c4 g6 3. g3 Bg7 4. Bg2 c5 5. Nf3 Qa5+ 6. Nbd2 cxd4 7. Nxd4 Nc6 8. Nb3 Qh5 9. O-O d6 10. Nf3 O-O 11. Bg5 Bg4 12. Nbd2 Rfd8 13. Qb3 Rab8 14. Rad1 h6 15. Bxf6 Bxf6 16. Ne4 Bg7 17. Nc3 e6 18. Nb5 Qc5 19. h3 Bxf3 20. Bxf3 a6 21. Nc3 Na5 22. Qc2 Qxc4 23. Rd3 Rbc8 24. Rfd1 d5 25. Qd2 Nc6 26. a3 b5 27. e3 b4 28. Nb1 a5 29. Be2 Qe4 30. f3 Qe5 31. Kf2 Qxb2 32. Qe1 bxa3 33. Rxa3 Qb6 34. Nd2 Nb4 35. h4 Nc2 36. Rb1 Qd6 37.
Qd1 Nxa3 38. Rb7 Nc4 39. Nb3 a4 40. Nd4 a3 41. Bd3 Rb8 42. Ra7 Rb2+ 43. Be2 Qb6 44. Ra4 Bxd4 45. exd4 Qb3 46. Qxb3 Rxb3 47. Bxc4 dxc4 48. g4 Rb2+ 49. Kg3 a2 50. h5 c3 51. hxg6 fxg6 52. g5 hxg5 53. d5 Rxd5 54. f4 gxf4+ 55.
Kf3 c2 56. Rc4 a1=Q 57. Rc8+ Kf7 58. Rc7+ Kf6 59. Ke4 Qe1+ 60. Kf3 Rb3+ 61. Kg4 Qg3# 0-1

[Event "*** Qualifier 3: Titled Tuesday 3|2 Blitz"]
[Site "Chess.com"]
[Date "2017.04.18"]
[Round "4"]
[White "Abrito99"]
[Black "the_drake"]
[Result "1-0"]
[WhiteElo "2341"]
[BlackElo "2189"]
[TimeControl "180+2"]
[EndTime "13:54:50 PDT"]
[Termination "Abrito99 won by resignation"]

1. e4 e5 2. Nf3 Nc6 3. Bc4 Bc5 4.
c3 Nf6 5. d3 O-O 6. O-O a6 7.
h3 d5 8. exd5 Nxd5 9. Re1 f6 10.
b4 Ba7 11. Qb3 Ne7 12. a4 Kh8 13. Na3 Be6 14. Nc2 Qd7 15. Ne3 Nf4 16. Bxe6 Qxe6 17. Qc2 Nxh3+ 18. gxh3 Qxh3 19. Nh2 Ng6 20. Ng2 f5 21.
Qe2 e4 22. Be3 Ne5 23. Nf4 Nf3+ 24. Qxf3 Qxf3 25. Nxf3 exf3 26. Bxa7 Rxa7 27. Ne6 Rf6 28. Ng5 Ra8 29. Nxf3 g5 30. Re7 g4 31. Nd4 Rg8 32. Rae1 h5 33. Re8 h4 34. Rxg8+ Kxg8 35. Re5 g3 36.
Rxf5 Rg6 37. Nf3 gxf2+ 38. Kxf2 Rd6 39. d4 Rc6 40. Rc5 Rh6 41. Kg2 h3+ 42. Kh2 Rf6 43.
Ng5 c6 44. a5 Rf2+ 45. Kxh3 Rc2 46. Ne6 Re2 47. Nd8 Re7 48. Kg4 Kf8 49. Kf5 Rh7 50. Ke5 Ke8 51. Nxb7 Rxb7 52. Rxc6 Kd7 53. Rxa6 Rc7 54.
Rd6+ Ke7 55. Re6+ Kd7 56. a6 Rxc3 57. a7 Ra3 58. Rh6 Kc7 59. Rh8 Re3+ 60. Kf4 Ra3 61. a8=Q Rxa8 1-0

[Event "*** Qualifier 3: Titled Tuesday 3|2 Blitz"]
[Site "Chess.com"]
[Date "2017.04.18"]
[Round "4"]
[White "daro94"]
[Black "olomi007"]
[Result "1-0"]
[WhiteElo "2755"]
[BlackElo "2480"]
[TimeControl "180+2"]
[EndTime "13:54:56 PDT"]
[Termination "daro94 won by resignation"]

1. d4 Nf6 2. Nf3 g6 3. Bf4 Bg7 4. e3 d6 5. h3 O-O 6. Be2 b6 7. O-O Bb7 8. Bh2 Nbd7 9. a4 a6 10. Nbd2 c5 11. c3 Ra7 12. Re1 Qa8 13. Qb3 Ne4 14.
Nxe4 Bxe4 15. Qa3 Rc8 16. Rac1 Rac7 17. Qb3 h6 18. Ra1 Qb7 19. Qd1 b5 20. axb5 axb5 21. Bf1 b4 22. Nd2 bxc3 23. bxc3 Ra8 24. Rxa8+ Qxa8 25. Nxe4 Qxe4 26. Qa1 Nf6 27. Rb1 cxd4 28. cxd4 Rc2 29.
Rc1 Qc6 30. Rxc2 Qxc2 31. Qe1 Ne4 32. Qe2 Qc1 33. Qc4 Qe1 34. Qe2 Qc1 35. Qc4 Qe1 36. Qe2 Qc3 37. Qd3 Qc6 38. Qc4 Qxc4 39. Bxc4 e5 40.
dxe5 dxe5 41. g3 Nd6 42. Bd5 Kf8 43. g4 f5 44. Kg2 Ke7 45. f3 Nb5 46. Bc4 Nd6 47.
Bd5 Ne8 48. Kf1 Kd6 49. Bf7 Ke7 50. Bxg6 fxg4 51. hxg4 Nd6 52. Kg2 Kf6 53. Bc2 Bf8 54. Bd3 Ke6 55. Kh3 Be7 56. Bg3 Bd8 57. Kg2 Bb6 58.
Kf2 Ne8 59. Bc4+ Kf6 60. Bh4+ Kg6 61. Bd3+ Kg7 62. Ke2 Nd6 63. Be7 Ne8 64. Bf5 Nf6 65.
Be6 e4 66. f4 Ng8 67. Bb4 Nf6 68. Bc3 Kg6 69. Bf5+ Kf7 70. Bxf6 Kxf6 71. Bxe4 Ba7 72. Kf3 Bb6 73. Bc2 Ba7 74. Ba4 Bb6 75. Be8 Ba7 76. Bh5 Bb6 77. e4 Bc7 78. e5+ Bxe5 79. fxe5+ Kxe5 80. Ke3 Kf6 81. Kf4 Kg7 82. Kf5 Kg8 83. Kg6 1-0

[Event "*** Qualifier 3: Titled Tuesday 3|2 Blitz"]
[Site "Chess.com"]
[Date "2017.04.18"]
[Round "4"]
[White "penguingm1"]
[Black "Iball95"]
[Result "1/2-1/2"]
[WhiteElo "2564"]
[BlackElo "2537"]
[TimeControl "180+2"]
[EndTime "13:55:19 PDT"]
[Termination "Game drawn - insufficient material"]

1. d4 Nf6 2. c4 e6 3. Nc3 Bb4 4.
Qc2 O-O 5. Nf3 c5 6. dxc5 Na6 7. g3 Nxc5 8. Bg2 b6 9. O-O Bb7 10. Nb5 Be4 11. Qd1 Nb7 12. Bf4 d5 13. a3 Be7 14. Nc3 Rc8 15. cxd5 Bxd5 16. Nxd5 Nxd5 17. Ne5 Nxf4 18. gxf4 Nd6 19. Qa4 Qc7 20. Nc6 Bf6 21.
Nxa7 Rcd8 22. Rac1 Qd7 23. Bc6 Qe7 24. Rc2 Nf5 25. e3 Rd6 26. Be4 Nh4 27. Nc6 Qd7 28.
Qb5 e5 29. f5 Nxf5 30. Qe2 Nh4 31. Kh1 Qh3 32. Rg1 g6 33. Rg3 Qe6 34. Rg4 Nf5 35. Rg1 Bg7 36. Qf3 Ne7 37. Nxe7+ Qxe7 38. Bd5 Kh8 39.
e4 f5 40. exf5 Rxf5 41. Qb3 Rf8 42. f3 Qd7 43. Be4 Bh6 44. Rcg2 Bf4 45. Qc3 Rd8 46. Rg4 Kg8 47. R4g2 Rd2 48. Qc4+ Kg7 49. Qf1 Qe6 50. Qe1 Rxg2 51. Rxg2 Rd4 52. Re2 Qd7 53. Qh4 Rd1+ 54. Kg2 Qd4 55. Qf2 Qd6 56. Qh4 Qd4 57. Qf2 Qd8 58. Rc2 Qg5+ 59. Kh3 Rg1 60. Rc7+ Kh6 61. Rb7 Rh1 62. Qh4+ Qxh4+ 63. Kxh4 Rxh2+ 64. Kg4 Rg2+ 65. Kh3 Rxb2 66. a4 Rh2+ 67. Kg4 Rg2+ 68. Kh3 Rg3+ 69. Kh2 Rxf3+ 70. Kg1 Rg3+ 71. Kf1 Re3 72. Bd5 Kg5 73. Rxh7 Rd3 74. Bc6 Rd6 75. Bb5 e4 76. Ke2 e3 77.
Bd3 Rd4 78. Rg7 Rxa4 79. Rxg6+ Kh4 80. Rxb6 Ra2+ 81. Kf3 Rf2+ 82. Ke4 Bg5 83. Rb1 Rf4+ 84. Kxe3 Rb4+ 85. Ke2 Rxb1 86. Bxb1 Be3 87. Kxe3 1/2-1/2

[Event "*** Qualifier 3: Titled Tuesday 3|2 Blitz"]
[Site "Chess.com"]
[Date "2017.04.18"]
[Round "4"]
[White "Astaneh"]
[Black "MITerryble"]
[Result "1/2-1/2"]
[WhiteElo "2506"]
[BlackElo "2643"]
[TimeControl "180+2"]
[EndTime "13:55:20 PDT"]
[Termination "Game drawn - insufficient material"]

1. d4 e6 2. c4 Bb4+ 3. Nd2 Nf6 4.
a3 Be7 5. e4 d6 6. e5 Nfd7 7.
exd6 cxd6 8. Ngf3 O-O 9. Bd3 e5 10.
O-O f5 11. dxe5 dxe5 12. Bc2 e4 13. Nd4 Ne5 14. Nb1 Nbc6 15. Nxc6 bxc6 16. Qe2 Be6 17.
b3 Bf6 18. Ra2 a5 19. Rd1 Qe7 20. a4 Rfd8 21. Ba3 Qa7 22. Nd2 Nd3 23. Nxe4 fxe4 24.
Bxd3 Bf5 25. Bc2 Rxd1+ 26. Bxd1 Re8 27. c5 h6 28. Rd2 Kh7 29. Rd6 Qb7 30. Bc2 Bg6 31.
Bc1 Be5 32. Rxg6 Kxg6 33. Qxe4+ Kf7 34. Qc4+ Kf8 35. g3 Bf6 36. Be4 Qb4 37. Qxb4 axb4 38. f3 Bd4+ 39. Kf1 Bxc5 40. Bxc6 Rc8 41. Bd5 Ke7 42.
Bf4 Rd8 43. Bc4 Rd1+ 44. Ke2 Rh1 45. h4 Ra1 46. Kd3 Kf6 47. Ke4 Rd1 48. Be5+ Kg6 49. a5 Bf2 50. a6 Kh7 51. h5 g6 52. hxg6+ Kxg6 53. g4 Kg5 54. Be6 Kg6 55. f4 Rd2 56.
Bb8 Re2+ 57. Kd5 Ra2 58. Bc8 Be3 59. Kc4 Rc2+ 60. Kxb4 Rxc8 61. a7 Bxa7 62. Bxa7 Rc2 63. Be3 Rg2 64. Kc5 Rxg4 65. b4 Rg3 66. f5+ Kg7 67.
Bd4+ Kf7 68. b5 Rf3 69. b6 Rxf5+ 70. Kc6 Rg5 71. b7 Rg8 72. Be5 Ke6 73. b8=Q Rxb8 74.
Bxb8 h5 75. Bh2 h4 76. Bb8 Kf5 77. Bh2 Ke4 78. Bb8 Kf3 79. Bc7 h3 80. Bb8 Kg2 81. Bc7 h2 82. Bxh2 1/2-1/2